 Dungeon Crawl Stone Soup version 0.30-a0-627-gc11e7ae810 (webtiles) character file.

Game seed: 15675885873572266550

483 Ijustatesigmund the Chiller (level 7, -2/55 HPs)
             Began as a Barachi Ice Elementalist on Jan 12, 2023.
             Killed by nerve-wracking pain
             ... invoked by Menkaure
              (6 damage)
             ... on level 4 of the Dungeon.
             The game lasted 00:07:50 (4479 turns).

Ijustatesigmund the Chiller (BaIE)                  Turns: 4479, Time: 00:07:51

Health: -2/55      AC:  5    Str: 13    XL:     7   Next: 12%
Magic:  22/22      EV: 12    Int: 17    God:
Gold:   175        SH:  0    Dex: 12    Spells: 11/15 levels left

rFire   . . .      SeeInvis .    u - +8 quarterstaff of Woe {vamp, MP+9 Str+3}
rCold   + . .      Faith    .    (shield currently unavailable)
rNeg    . . .      Spirit   .    a - +2 robe {rC+}
rPois   +          Reflect  .    k - +0 helmet
rElec   .          Harm     .    (no cloak)
rCorr   .          Rampage  .    (no gloves)
Will    .....                    (no boots)
Stlth   ++                       (no amulet)
HPRegen 0.29/turn                r - ring of poison resistance
MPRegen 0.18/turn                (no ring)

@: flying, slow
A: amphibious, slowness 1, strong legs 1, +LOS
a: Hop


You were on level 4 of the Dungeon.
You visited 1 branch of the dungeon, and saw 4 of its levels.

You collected 175 gold pieces.

Inventory:

Hand Weapons
 l - a +2 spear of venom
 u - the +8 quarterstaff of Woe (weapon) {vamp, MP+9 Str+3}
   (You found it on level 4 of the Dungeon)

   Str:       It affects your strength (+3).
   MP:        It affects your magic capacity (+9).
Armour
 a - a +2 robe of cold resistance (worn)
 k - a +0 helmet (worn)
Jewellery
 r - a ring of poison resistance (left hand)
Wands
 v - a wand of charming (8)
Scrolls
 c - 3 scrolls of teleportation {unknown}
 d - a scroll of acquirement {unknown}
 f - 3 scrolls of blinking {unknown}
 g - 4 scrolls of identify {unknown}
 i - a scroll of amnesia {unknown}
 m - a scroll of fog {unknown}
 n - a scroll of brand weapon {unknown}
 q - a scroll of vulnerability {unknown}
Potions
 b - 2 potions of magic
 e - 3 potions of heal wounds {unknown}
 h - 2 potions of mutation {unknown}
 j - a potion of flight
 o - 2 potions of curing {unknown}
 p - a potion of degeneration {unknown}
 s - a potion of haste {unknown}
 t - a potion of lignification {unknown}
 w - a potion of ambrosia {unknown}


   Skills:
 + Level 4.5 Fighting
 + Level 1.8 Staves
 - Level 2.1 Dodging
 - Level 1.7 Stealth
 + Level 4.5 Spellcasting
 + Level 6.8 Ice Magic


You had 11 spell levels left.
You knew the following spells:

 Your Spells              Type           Power      Damage    Failure   Level
a - Freeze                Ice            100%       1d10      1%          1
b - Frozen Ramparts       Ice            54%        1d9       2%          3

Your spell library contained the following spells:

 Spells                   Type           Power      Damage    Failure   Level
 Ozocubu's Armour         Ice            27%        N/A       2%          3
 Summon Ice Beast         Ice/Summ       15%        N/A       36%         4
 Ignite Poison            Fire/Tmut/Pois 3%         N/A       41%         3
 Kindle Blastsparks       Fire/Tloc/Air  6%         2d10      41%         3
 Portal Projectile        Hex/Tloc       6%         N/A       41%         3
 Tukima's Dance           Hex            3%         N/A       41%         3
 Fulminant Prism          Conj/Hex       1%         3d5       83%         4
 Iskenderun's Mystic Bla  Conj/Tloc      3%         2d3       83%         4
 Sticky Flame             Conj/Fire      3%         2d3       83%         4
 Blade Hands              Tmut           1%         N/A       99%         5
 Lee's Rapid Deconstruct  Erth           1%         3d4*      99%         5
 Ignition                 Fire           1%         3d3       100%        8


Dungeon Overview and Level Annotations

Branches:
Dungeon (4/15)
 Temple: D:4-7

Altars:
Cheibriados
Elyvilon
Nemelex Xobeh
Yredelemnul
Zin

Annotations:
D:4 Menkaure


Innate Abilities, Weirdness & Mutations

You are amphibious.
You cover ground slowly.
You can hop short distances.
You have an extended range of vision and can be seen from far away.


Message History

There are monsters nearby!
The goblin shouts!
The goblin unwields a +0 dagger.
The goblin wields a +0 sling.
The goblin shoots a sling bullet.
The sling bullet hits you.
You barely miss Menkaure. Menkaure hits you!!
You barely miss Menkaure. Menkaure misses you.
You sock Menkaure!
Menkaure is moderately damaged.
The goblin unwields a +0 sling.
The goblin wields a +0 dagger.
The goblin hits you with a +0 dagger. Menkaure closely misses you.
You hit Menkaure.
Menkaure is heavily damaged.
The goblin hits you with a +0 dagger.
Menkaure casts a spell.
Menkaure seems to speed up.
The goblin closely misses you.
You hit Menkaure.
Menkaure is severely damaged.
Menkaure closely misses you. The goblin hits you with a +0 dagger.
You hit Menkaure.
Menkaure is severely damaged.
Menkaure casts a spell at you. Pain shoots through your body!
The goblin closely misses you. Menkaure barely misses you.
You are too injured to fight recklessly!
You are too injured to fight recklessly!
Okay, then.
You sock the goblin!
You feel better.
You kill the goblin!
Menkaure hits you!!
* * * LOW HITPOINT WARNING * * *
Okay, then.
It was a potion of flight.
You feel very buoyant.
You fly up into the air.
Menkaure calls on the powers of darkness!
Your body is wracked with pain!
* * * LOW HITPOINT WARNING * * *
Menkaure gestures at you while chanting.
Pain shoots through your body!
You die...

# ## .. ##### ##.. .
#.... ####..#### ..
#... #........###.#
##. #.#........#.#
#.. #....♣..♣....##
##.#
#...M)........####..#
#..♣@.....♣.......<##
#...............####
#..............##
#.)♣......♣....#
##............##
#...♣..♣...#.#
##............#
#.............#
#.##......#####


You could see Menkaure (fast).

Vanquished Creatures
  A black bear (D:4)
  An ogre (D:4)
  Blork the orc (D:4)
  An orc priest (D:4)
  A hound (D:4)
  Ijyb (D:4)
  An orc wizard (D:3)
  5 adders
  3 worms
  A dart slug (D:1)
  13 orcs
  6 bats
  5 endoplasms
  2 giant cockroaches
  7 goblins
  5 hobgoblins
  4 jackals (D:2)
  3 quokkas
  5 ball pythons
  7 frilled lizards
  6 kobolds
  2 rats
  A spectral orc (D:4)
82 creatures vanquished.

Notes
Turn   | Place    | Note
-------+----------+-------------------------------------------
     0 | D:1      | Ijustatesigmund the Barachi Ice Elementalist began the
                  | quest for the Orb.
     0 | D:1      | Reached XP level 1. HP: 13/13 MP: 3/3
   116 | D:1      | Reached skill level 5 in Ice Magic
   168 | D:1      | Reached skill level 1 in Fighting
   168 | D:1      | Reached XP level 2. HP: 21/21 MP: 3/5
   609 | D:1      | Found a faded altar of an unknown god.
  1018 | D:2      | Reached XP level 3. HP: 24/26 MP: 4/7
  1022 | D:2      | Learned a level 3 spell: Frozen Ramparts
  2020 | D:2      | Found a glowing silver altar of Zin.
  2064 | D:2      | Reached XP level 4. HP: 30/33 MP: 5/8
  2726 | D:3      | Found a white marble altar of Elyvilon.
  3110 | D:3      | Reached XP level 5. HP: 29/40 MP: 5/10
  3664 | D:4      | Noticed an ogre
  3677 | D:4      | Killed an ogre
  3678 | D:4      | Reached skill level 6 in Ice Magic
  3678 | D:4      | Reached XP level 6. HP: 48/48 MP: 5/12
  3834 | D:4      | Found a sparkling altar of Nemelex Xobeh.
  3853 | D:4      | Found a basalt altar of Yredelemnul.
  3882 | D:4      | Noticed Ijyb
  3885 | D:4      | Identified the +8 quarterstaff of Woe {vamp, MP+9 Str+3}
  3890 | D:4      | Killed Ijyb
  4001 | D:4      | Noticed Blork the orc
  4007 | D:4      | Killed Blork the orc
  4049 | D:4      | Found a snail-covered altar of Cheibriados.
  4068 | D:4      | Noticed a black bear
  4073 | D:4      | Killed a black bear
  4074 | D:4      | Reached skill level 1 in Staves
  4270 | D:4      | Reached XP level 7. HP: 55/55 MP: 13/13
  4468 | D:4      | Noticed Menkaure
  4479 | D:4      | Killed from afar by Menkaure

Illustrated notes

Levels and vault maps discovered:
D:1:      heliophobic_arrival_henge, layout_loops_ring,
          ebering_ecumenical_altar_box
D:2:      layout_loops_ring, basic_altar
D:3:      minmay_chambers_of_threes, layout_basic,
          nicolae_elyvilon_peaceful_grove, minmay_misc_feat_iff,
          minmay_misc_feat_more_columns, st_stairs_12
D:4:      minmay_goblin_kobold_castle, layout_rooms,
          yredelemnul_forgotten_temple_becter, cheibriados_altar_1,
          mainiacjoe_overflow_alcove_1, nicolae_eternal_life,
          minmay_misc_feat_plants, minmay_bisected, uniq_menkaure, uniq_ijyb,
          uniq_blork_the_orc

Skill      XL: |  1  2  3  4  5  6 |
---------------+-------------------+-----
Ice Magic      | 5 6 |  6.8
Fighting       | 1 2 3 4 |  4.5
Spellcasting   | 3 4 |  4.5
Staves         | 1 |  1.8
Dodging        | |  2.1
Stealth        | |  1.7

Action                   |  1- 3 |  4- 6 |  7- 9 || total
-------------------------+-------+-------+-------++-------
Melee: Unarmed           |     6 |       |       ||     6
       Hand axe          |     2 |       |       ||     2
       Spear             |       |    47 |       ||    47
       Short sword       |       |     6 |       ||     6
       Quarterstaff      |       |    11 |    13 ||    24
 Cast: Freeze            |    48 |     9 |       ||    57
       Frozen Ramparts   |     5 |    11 |     1 ||    17
  Use: Potion            |       |       |     1 ||     1
 Stab: Sleeping          |       |     3 |       ||     3
Armor: Robe              |     9 |    14 |       ||    23
Dodge: Dodged            |    21 |    34 |    10 ||    65

Table legend: (Time is in decaauts)
 A = Elapsed time spent in this place.
 B = Non-inter-level travel time spent in this place.
 C = Inter-level travel time spent in this place.
 D = Time resting spent in this place.
 E = Time spent auto-exploring this place.
 F = Levels seen in this place.
 G = Mean time per level.
                   A        B        C        D        E       F      G
               +--------+--------+--------+--------+--------+-----+--------+
         Total |   4970 |   4905 |     65 |   1084 |   3239 |   4 | 1242.5 |
       Dungeon |   4970 |   4905 |     65 |   1084 |   3239 |   4 | 1242.5 |
               +--------+--------+--------+--------+--------+-----+--------+

Top non-repeatable levels by time:
     D:2: 1615 daAuts
     D:3: 1294 daAuts
     D:1: 1126 daAuts
     D:4: 934 daAuts
